 Dungeon Crawl Stone Soup version 0.32-a0-918-g0f22ef8d61 (webtiles) character file.

Game seed: 2141882852806924504

37 zazu2006 the Protected (level 3, -2/25 HPs)
             Began as a Gnoll Wanderer on Apr 11, 2024.
             Slain by Sigmund
             ... wielding a +0 scythe
              (8 damage)
             ... on level 3 of the Dungeon.
             The game lasted 00:02:34 (357 turns).

zazu2006 the Protected (Gnoll Wanderer)              Turns: 357, Time: 00:02:34

Health: -2/25      AC:  7    Str: 18    XL:     3   Next: 41%
Magic:  4/4        EV: 10    Int: 12    God:
Gold:   35         SH:  0    Dex: 11    Spells: 3/3 levels left

rFire   . . .        a - +0 mace
rCold   . . .        (no shield)
rNeg    . . .        d - +0 ring mail
rPois   .            (no helmet)
rElec   .            (no cloak)
rCorr   .            (no gloves)
SInv    .            (no boots)
Will    .....        (no amulet)
Stlth   +            i - +6 ring of strength
HPRegen 0.24/turn    (no ring)
MPRegen 0.09/turn

%: no passive effects
@: on berserk cooldown, slowed, very slow
A: fangs 1, strong nose, distributed training
a: no special abilities


You were on level 3 of the Dungeon.
You visited 1 branch of the dungeon, and saw 3 of its levels.

You collected 35 gold pieces.

Inventory:

Hand Weapons
 a - a +0 mace (weapon)
Armour
 d - a +0 ring mail (worn)
Jewellery
 i - a +6 ring of strength (left hand)
Scrolls
 e - a scroll of poison {unknown}
 f - a scroll of fear {unknown}
 h - a scroll of acquirement {unknown}
 j - a scroll of brand weapon {unknown}
Potions
 b - 3 potions of heal wounds
 g - a potion of curing


   Skills:
 + Level 0.8 Fighting
 + Level 0.8 Short Blades
 + Level 0.8 Long Blades
 + Level 0.8 Axes
 + Level 2.6 Maces & Flails
 + Level 0.8 Polearms
 + Level 0.8 Staves
 + Level 0.8 Ranged Weapons
 + Level 2.6 Throwing
 + Level 10.4 Armour
 + Level 2.6 Dodging
 + Level 0.8 Stealth
 + Level 0.8 Shields
 + Level 4.5 Unarmed Combat
 + Level 0.8 Spellcasting
 + Level 0.5 Conjurations
 + Level 0.5 Hexes
 + Level 0.5 Summonings
 + Level 0.5 Necromancy
 + Level 0.5 Translocations
 + Level 0.5 Fire Magic
 + Level 0.5 Ice Magic
 + Level 0.5 Air Magic
 + Level 0.5 Earth Magic
 + Level 0.5 Alchemy
 + Level 1.0 Invocations
 + Level 0.8 Evocations
 + Level 0.7 Shapeshifting


You had 3 spell levels left.
You didn't know any spells.
Your spell library was empty.

Dungeon Overview and Level Annotations

Branches:
Dungeon (3/15)

Altars:

Annotations:
D:3 Sigmund


Innate Abilities, Weirdness & Mutations

You have very sharp teeth.
Your uncanny sense of smell can sniff out nearby items.
Your experience applies equally to all skills.


Message History

Sigmund is heavily wounded.
The hobgoblin hits you. Sigmund barely misses you.
The hobgoblin hits you but does no damage.
You completely miss Sigmund.
Sigmund is heavily wounded.
Sigmund casts a spell at you. The puff of flame hits you.
* * * LOW HITPOINT WARNING * * *
The hobgoblin hits you but does no damage.
Sigmund points at you and mumbles some strange words.
You resist with significant effort. The hobgoblin barely misses you.
You hit Sigmund.
Sigmund is heavily wounded.
Sigmund hits you but does no damage.
The hobgoblin hits you but does no damage.
The hobgoblin barely misses you.
You closely miss Sigmund. Your bite misses Sigmund.
Sigmund is heavily wounded.
Sigmund screams, "You will never...
NEVER!!!"
Sigmund barely misses you.
The hobgoblin hits you but does no damage.
The hobgoblin hits you.
* * * LOW HITPOINT WARNING * * *
Sigmund closely misses you.
You hit Sigmund.
Sigmund is severely wounded.
The hobgoblin closely misses you. Sigmund barely misses you.
You barely miss Sigmund.
Sigmund is severely wounded.
The hobgoblin hits you but does no damage.
Sigmund hits you with a +0 scythe.
* * * LOW HITPOINT WARNING * * *
The hobgoblin hits you but does no damage.
Unknown command.
You hit Sigmund.
Sigmund is almost dead.
The hobgoblin hits you but does no damage.
Sigmund hits you with a +0 scythe!
You die...
Sigmund begins carving another notch in his scythe.

#........
#....... #......
∆ #..... #....
..
######...###r.#.
........ro....o.
#####.g@####.#.
######..@<#
#....†....#
#.........#
#.........#
###########


You could see Sigmund, an orc, a quokka and a hobgoblin.

Vanquished Creatures
  2 adders
  A dart slug (D:1)
  2 endoplasms
  2 giant cockroaches
  A goblin (D:1)
  A quokka (D:2)
  2 ball pythons
  2 bats (D:2)
  3 frilled lizards
  2 kobolds (D:2)
  2 rats (D:1)
20 creatures vanquished.

Notes
Turn   | Place    | Note
-------+----------+-------------------------------------------
     0 | D:1      | Reached skill level 10 in Armour
     0 | D:1      | zazu2006 the Gnoll Wanderer began the quest for the Orb.
     0 | D:1      | zazu2006 set off with the following items: a +0 mace, 2
                  | potions of heal wounds, a potion of berserk rage, a +0 ring
                  | mail.
     0 | D:1      | Reached XP level 1. HP: 13/13 MP: 1/1
    60 | D:1      | Reached XP level 2. HP: 18/19 MP: 2/2
    87 | D:1      | Found a faded altar of an unknown god.
   216 | D:2      | Reached XP level 3. HP: 17/25 MP: 3/3
   331 | D:3      | Reached skill level 1 in Invocations
   335 | D:3      | Noticed Sigmund
   357 | D:3      | Slain by Sigmund

Illustrated notes

Levels and vault maps discovered:
D:1:      dpeg_arrival_orchard, layout_rooms,
          shapermc_ecumenical_altar_starsandcircs, st_stairs_11
D:2:      layout_basic, basic_altar, uniq_terence
D:3:      layout_basic, mainiacjoe_overflow_brackets, trog_hazing_becter,
          serial_curves, eino_curves_01, eino_curves_01, uniq_sigmund

Skill      XL: |  1  2  3 |
---------------+----------+-----
Armour         | | 10.4
Invocations    | 1 |  1.0
Fighting       | |  0.8
Short Blades   | |  0.8
Long Blades    | |  0.8
Axes           | |  0.8
Maces & Flails | |  2.6
Polearms       | |  0.8
Staves         | |  0.8
Ranged Weapons | |  0.8
Throwing       | |  2.6
Dodging        | |  2.6
Stealth        | |  0.8
Shields        | |  0.8
Unarmed Combat | |  4.5
Spellcasting   | |  0.8
Conjurations   | |  0.5
Hexes          | |  0.5
Summonings     | |  0.5
Necromancy     | |  0.5
Translocations | |  0.5
Fire Magic     | |  0.5
Ice Magic      | |  0.5
Air Magic      | |  0.5
Earth Magic    | |  0.5
Alchemy        | |  0.5
Evocations     | |  0.8
Shapeshifting  | |  0.7

Action                     || total
---------------------------++-------
  Melee: Mace              ||    72
         Bite              ||     5
    Use: Potion            ||     2
 Armour: Ring mail         ||    64
  Dodge: Dodged            ||    59

Table legend: (Time is in decaauts)
 A = Elapsed time spent in this place.
 B = Non-inter-level travel time spent in this place.
 C = Inter-level travel time spent in this place.
 D = Time resting spent in this place.
 E = Time spent auto-exploring this place.
 F = Levels seen in this place.
 G = Mean time per level.
                   A        B        C        D        E       F      G
               +--------+--------+--------+--------+--------+-----+--------+
         Total |    380 |    380 |      0 |      0 |     21 |   3 |  126.7 |
       Dungeon |    380 |    380 |      0 |      0 |     21 |   3 |  126.7 |
               +--------+--------+--------+--------+--------+-----+--------+

Top non-repeatable levels by time:
     D:2: 230 daAuts
     D:1: 105 daAuts
     D:3: 44 daAuts
